 Dungeon Sprint DCSS version 0.29-a0-723-gce39da1c22 (webtiles) character file.

Game seed: 11164436291943175599

6890 manyhoops the Tortoise (level 11, -15/90 HPs)
             Began as a Formicid Fighter on June 28, 2022.
             Was an Elder of Okawaru.
             Engulfed by a cloud of flame (28 damage)
             ... in the Dungeon (Sprint II: "The Violet Keep of Menkaure").
             The game lasted 00:10:25 (3178 turns).

manyhoops the Tortoise (Formicid Fighter)           Turns: 3178, Time: 00:10:26

Health: -15/90     AC: 21    Str: 30    XL:     11   Next: 27%
Magic:  27/27      EV: 10    Int:  7    God:    Okawaru [****..]
Gold:   276        SH:  5    Dex: 13    Spells: 10/10 levels left

rFire   . . .      SeeInvis +   w - +9 war axe of Dissent {vorpal, rElec rC+}
rCold   + + +      Faith    .   c - +0 buckler
rNeg    . . .      Spirit   .   b - +0 scale mail
rPois   .          Reflect  .   (helmet unavailable)
rElec   +          Harm     .   f - +1 cloak
rCorr   .          Rampage  .   x - +0 pair of gloves
Will    +....                   i - +0 pair of boots {Fly}
Stlth   ..........              (no amulet)
HPRegen 0.25/turn               h - ring of Rotets {rC++ MP+9 Str+4}
MPRegen 0.20/turn               j - +4 ring of protection

@: flying
A: permanent stasis, dig shafts and tunnels, antennae 3, four strong arms,
inhibited regeneration
a: Dig, Renounce Religion, Heroism, Finesse


You were in the Dungeon.
You worshipped Okawaru.
Okawaru was greatly pleased with you.
You visited 1 branch You collected 1445 gold pieces.
You spent 1169 gold pieces at shops.

Inventory:

Hand Weapons
 d - a +1 battleaxe of venom
 w - the +9 war axe of Dissent (weapon) {vorpal, rElec rC+}
   (You bought it in a shop in the Dungeon)

   It inflicts extra damage upon your enemies.
   rC:        It protects you from cold.
   rElec:     It insulates you from electricity.
Missiles
 l - 9 poisoned darts
Armour
 b - a +0 scale mail (worn)
 c - a +0 buckler (worn)
 f - a +1 cloak (worn)
 i - a +0 pair of boots of flying (worn)
 x - a +0 pair of gloves (worn)
Jewellery
 h - the ring of Rotets (left hand) {rC++ MP+9 Str+4}
   (You bought it in a shop in the Dungeon)

   [ring of magical power]

   Str:       It affects your strength (+4).
   rC:        It greatly protects you from cold.
   MP:        It affects your magic capacity (+9).
 j - a +4 ring of protection (right hand)
 r - a ring of protection from cold
Scrolls
 a - a scroll of vulnerability
 m - a scroll of immolation
 o - a scroll of summoning {unknown}
 p - 3 scrolls of fear
 q - a scroll of magic mapping
 s - a scroll of acquirement {unknown}
 v - a scroll of poison {unknown}
Potions
 e - 4 potions of curing
 g - 5 potions of magic
 k - 2 potions of heal wounds
 n - 3 potions of flight
 t - 3 potions of resistance
 u - a potion of attraction


   Skills:
 + Level 9.7 Fighting
 - Level 17.1 Axes
 - Level 17.5 Armour
 - Level 4.0 Shields
 - Level 10.2 Invocations


You had 10 spell levels left.
You didn't know any spells.
Your spell library contained the following spells:

 Spells                   Type           Power      Damage    Failure   Level
 Scorch                   Fire           0%         2d5       80%         2
 Frozen Ramparts          Ice            0%         1d2       95%         3
 Flame Wave               Conj/Fire      0%         2d4       100%        4
 Ice Form                 Ice/Tmut       0%         N/A       100%        4
 Summon Ice Beast         Ice/Summ       Unusable   N/A       N/A         4
 Summon Cactus Giant      Summ           Unusable   N/A       N/A         6

Dungeon Overview and Level Annotations

Branches:
Dungeon (1/1)

Altars:
Cheibriados
Dithmenos
Elyvilon
Fedhas
Gozag
Hepliaklqana
Kikubaaqudgha
Makhleb
Nemelex Xobeh
Okawaru
Qazlal
Ru
Sif Muna
Trog
Uskayaw
Vehumet
Wu Jian
Xom
Yredelemnul
Zin
The Shining One
Beogh
Jiyva
Lugonu

Shops:
D *:===[!=[((!?(:

Annotations:
D exclusions: obsidian statue and oklob plant


Innate Abilities, Weirdness & Mutations

You cannot be hasted, slowed, berserked, paralysed or teleported.
You can dig through walls and to a lower floor.
You have a pair of large antennae on your head. (SInv)
Your four strong arms can wield two-handed weapons with a shield.
You do not regenerate when monsters are visible.


Message History

You miss the lava snake.
The lava snake is moderately wounded.
You block the lava snake's attack.
You slice the lava snake!!
You kill the lava snake!
Okawaru accepts your kill.
You slice the lava snake!!
You kill the lava snake!
Okawaru accepts your kill.
No reachable target in view!
You reach down and close the door.
Search for what [Enter for "muta", or ? for help]? rfi Can't find anything matching that.
Search for what [Enter for "rfi", or ? for help]? fire You reach down and open the door.
Really fly into a travel-excluded area?
There is an open door here.
You reach down and close the door.
You start resting.
You start resting.
HP restored.
This door is marked as excluded!
Open it anyway?
You reach down and open the door.
There is an open door here.
Really fly into that cloud of flame?
Okay, then.
You are engulfed in blazing flames.
A sixfirhy comes into view.
You are engulfed in blazing flames.
You are engulfed in blazing flames.
A sixfirhy comes into view.
You are engulfed in blazing flames.
You are engulfed in blazing flames.
You are engulfed in blazing flames.
You are engulfed in blazing flames.
* * * LOW HITPOINT WARNING * * *
You reach down and open the door.
An orc priest comes into view. It is wielding a +0 falchion.
You are engulfed in blazing flames.
You die...

**{≈≈≈{*,#+++#+++#≈≈≈≈§≈≈≈≈#.._._
**≈≈≈{≈**#......○##§≈≈###§≈#..._.
**≈≈≈{≈*#...○.....##≈≈#|#≈§#...._
*+≈{{≈≈+...○○≈○....+≈≈#'#≈≈#.....
**≈≈≈≈{##.....°...##§≈≈≈≈≈≈######
**≈≈≈≈≈*##...○...###########≈≈≈≈≈
**≈≈≈≈≈*∩####+####○°≈○○○°###≈####
***≈≈≈**,..^#####≈≈≈≈°○°°≈##≈#,,,
+***≈**∩,......'@≈○○○°○☼°≈≈'≈#,,,
*,,******#####.##≈°○○○☼°○≈####,,,
**,,,,,,,,:[o#,,##≈§§☼§○≈##***,,,
*********####*,,,#########{{{{,,,
,≈,,,,,,,...,,,^,+{+333+{+,,,,,,,
*********##********#####*********


You could see an orc priest (asleep).

Vanquished Creatures
  2 boulder beetles (D)
  2 deep trolls (D)
  A yaktaur (D)
  3 polar bears (D)
  12 flying skulls (D)
  A vampire mosquito (D)
  4 neqoxecs (D)
  4 water moccasins (D)
  4 necrophages (D)
  4 scorpions (D)
  4 lava snakes (D)
41 creatures vanquished.

Vanquished Creatures (others)
  A hornet (D)
  Menkaure (D)
  A water moccasin (D)
  8 tentacles (D)
11 creatures vanquished.

Grand Total: 52 creatures vanquished

Notes
Turn   | Place    | Note
-------+----------+-------------------------------------------
     0 | D        | manyhoops the Formicid Fighter began the quest for the Orb.
     0 | D        | Reached XP level 1. HP: 18/18 MP: 1/1
     1 | D        | Noticed a necrophage
     1 | D        | Noticed a necrophage
     1 | D        | Noticed a necrophage
     1 | D        | Noticed a necrophage
    10 | D        | Killed a necrophage
    11 | D        | Reached XP level 2. HP: 9/24 MP: 2/2
    11 | D        | Reached XP level 3. HP: 10/29 MP: 3/3
    11 | D        | Reached XP level 4. HP: 13/35 MP: 4/4
    17 | D        | Killed a necrophage
    18 | D        | Reached XP level 5. HP: 24/41 MP: 5/5
    30 | D        | Reached XP level 6. HP: 17/47 MP: 6/6
    60 | D        | Killed a water moccasin
   209 | D        | Killed Menkaure
   481 | D        | Reached XP level 7. HP: 52/52 MP: 7/7
   492 | D        | Noticed a boulder beetle
   492 | D        | Noticed a boulder beetle
   495 | D        | Noticed a neqoxec
   495 | D        | Noticed a neqoxec
   503 | D        | Killed a neqoxec
   504 | D        | Reached skill level 15 in Axes
   507 | D        | Noticed a neqoxec
   511 | D        | Killed a neqoxec
   512 | D        | Reached XP level 8. HP: 29/58 MP: 8/8
   586 | D        | Gained mutation: You do not regenerate when monsters are
                  | visible. [a neqoxec]
   802 | D        | Found Fuups's Weapon Boutique.
   802 | D        | Found Tamet's Distillery.
   802 | D        | Found Qaunotya's Antique Weapon Boutique.
   803 | D        | Found Oruhuq Ogru's Antique Armour Boutique.
   803 | D        | Found Litob's Jewellery Shop.
   804 | D        | Found Cuic's Book Shop.
   804 | D        | Found Idwethe's Antique Weapon Shop.
   806 | D        | Found Cacwyche's Distillery.
   807 | D        | Found Awyxy's Antique Armour Shop.
   807 | D        | Found Cimeq's Jewellery Boutique.
   807 | D        | Noticed a wyvern
   808 | D        | Found Jufys Wowkiwn's Magic Scroll Boutique.
   808 | D        | Noticed a wyvern
   809 | D        | Found Qibew's Jewellery Shop.
   809 | D        | Found Aditaq's Jewellery Boutique.
   809 | D        | Noticed a wyvern
   809 | D        | Noticed an oklob plant
   810 | D        | Found Ynahomum's Assorted Antiques.
   810 | D        | Found Byng's Book Shoppe.
   810 | D        | Noticed a polar bear
   812 | D        | Noticed a polar bear
   816 | D        | Bought a +1 battleaxe of venom for 192 gold pieces
   820 | D        | Noticed a slime creature
   822 | D        | Bought a glowing cloak for 195 gold pieces
   841 | D        | Reached skill level 5 in Armour
  1051 | D        | Noticed a slime creature
  1054 | D        | Noticed a slime creature
  1055 | D        | Bought a warped ivory ring for 115 gold pieces
  1055 | D        | Identified the ring of Rotets {rC++ MP+9 Str+4} (You bought
                  | it in a shop in the Dungeon)
  1064 | D        | Bought a pair of runed boots for 180 gold pieces
  1124 | D        | Found a hazy altar of Hepliaklqana.
  1124 | D        | Found a snail-covered altar of Cheibriados.
  1125 | D        | Found a stormy altar of Qazlal.
  1125 | D        | Found a viscous altar of Jiyva.
  1125 | D        | Found a shadowy altar of Dithmenos.
  1126 | D        | Found a sacrificial altar of Ru.
  1126 | D        | Found an ancient bone altar of Kikubaaqudgha.
  1126 | D        | Found a white marble altar of Elyvilon.
  1127 | D        | Found an ornate altar of the Wu Jian Council.
  1127 | D        | Found a shimmering blue altar of Sif Muna.
  1127 | D        | Found a corrupted altar of Lugonu.
  1127 | D        | Found a blossoming altar of Fedhas.
  1132 | D        | Noticed a polar bear
  1132 | D        | Noticed a polar bear
  1153 | D        | Killed a polar bear
  1159 | D        | Killed a polar bear
  1160 | D        | Reached XP level 9. HP: 11/64 MP: 9/9
  1430 | D        | Noticed a yaktaur
  1444 | D        | Killed a yaktaur
  1445 | D        | Reached skill level 10 in Armour
  1566 | D        | Noticed a hornet
  1572 | D        | Killed a hornet
  1577 | D        | Found a shimmering altar of Xom.
  1577 | D        | Found a bloodstained altar of Trog.
  1577 | D        | Found a burning altar of Makhleb.
  1578 | D        | Found a glowing golden altar of the Shining One.
  1578 | D        | Found a basalt altar of Yredelemnul.
  1578 | D        | Found a hide-covered altar of Uskayaw.
  1579 | D        | Found a glowing silver altar of Zin.
  1579 | D        | Found a radiant altar of Vehumet.
  1579 | D        | Found a sparkling altar of Nemelex Xobeh.
  1579 | D        | Noticed a polar bear
  1580 | D        | Found an opulent altar of Gozag.
  1580 | D        | Found an iron altar of Okawaru.
  1590 | D        | Became a worshipper of Warmaster Okawaru
  1602 | D        | Killed a polar bear
  1611 | D        | Noticed a kraken
  2002 | D        | Reached * piety under Okawaru
  2003 | D        | Reached XP level 10. HP: 50/70 MP: 10/10
  2006 | D        | Reached skill level 15 in Armour
  2017 | D        | Reached ** piety under Okawaru
  2583 | D        | Killed a boulder beetle
  2589 | D        | Killed a boulder beetle
  2589 | D        | Reached *** piety under Okawaru
  2590 | D        | Reached skill level 10 in Invocations
  2804 | D        | Bought a crude war axe for 238 gold pieces
  2804 | D        | Identified the +9 war axe of Dissent {vorpal, rElec rC+}
                  | (You bought it in a shop in the Dungeon)
  2807 | D        | Bought a potion of heal wounds for 60 gold pieces
  2807 | D        | Bought 2 potions of curing for 72 gold pieces
  2808 | D        | Bought a pair of gloves for 117 gold pieces
  2835 | D        | Noticed an obsidian statue
  2871 | D        | Reached XP level 11. HP: 77/77 MP: 18/18
  2880 | D        | Reached skill level 5 in Fighting
  2885 | D        | Noticed a deep troll
  2885 | D        | Noticed a deep troll
  2892 | D        | Killed a deep troll
  2894 | D        | Killed a deep troll
  2894 | D        | Reached **** piety under Okawaru
  3096 | D        | Noticed a sixfirhy
  3170 | D        | Noticed a sixfirhy
  3172 | D        | Noticed a sixfirhy
  3178 | D        | Engulfed by a cloud of flame

Illustrated notes

Levels and vault maps discovered:
D:        the_violet_keep_of_menkaure [sprint2_stairs_cluster_1,
          sprint2_shoproom, sprint2_temple, sprint2_basic_supplies,
          sprint2_obstacle_1, sprint2_obstacle_5, sprint2_obstacle_3,
          sprint2_obstacle_7, sprint2_obstacle_2, sprint2_timed_cluster_1,
          sprint2_smallroom_cluster_1, sprint2_smallroom_final_cluster_1,
          sprint2_transparent_cluster_1, sprint2_second_timed_cluster_1,
          sprint2_sniper_area_1, sprint2_heavy_combat_area_1,
          sprint2_mutation_trap_area_1, sprint2_forest_area_1,
          sprint2_light_combat_area_1, sprint2_behind_water_1,
          sprint2_near_end_vault_1]

Skill      XL: |  1  2  3  4  5  6  7  8  9 10 11 |
---------------+----------------------------------+-----
Axes           | 7 9 12 14 16 17 | 17.1
Armour         | 9 14 17 | 17.5
Invocations    | 10 | 10.2
Fighting       | 4 9 |  9.7
Shields        | |  4.0

Action                   |  1- 3 |  4- 6 |  7- 9 | 10-12 || total
-------------------------+-------+-------+-------+-------++-------
Melee: War axe           |     8 |    29 |    34 |    29 ||   100
       Battleaxe         |       |       |    45 |    48 ||    93
       Punch             |       |       |     1 |       ||     1
Invok: Heroism           |       |       |       |     3 ||     3
 Abil: Dig               |       |       |     1 |     1 ||     2
  Use: Potion            |     1 |     1 |     3 |     1 ||     6
       Scroll            |       |       |     6 |       ||     6
Armor: Scale mail        |     2 |     6 |    27 |    35 ||    70
Dodge: Dodged            |     2 |    11 |    34 |    33 ||    80
Block: Buckler           |     2 |     1 |    15 |    30 ||    48

Table legend: (Time is in decaauts)
 A = Elapsed time spent in this place.
 B = Non-inter-level travel time spent in this place.
 C = Inter-level travel time spent in this place.
 D = Time resting spent in this place.
 E = Time spent auto-exploring this place.
 F = Levels seen in this place.
 G = Mean time per level.
                   A        B        C        D        E       F      G
               +--------+--------+--------+--------+--------+-----+--------+
         Total |   3151 |   3147 |      4 |   2253 |      0 |   1 | 3151.0 |
       Dungeon |   3151 |   3147 |      4 |   2253 |      0 |   1 | 3151.0 |
               +--------+--------+--------+--------+--------+-----+--------+

Top non-repeatable levels by time:
       D: 3151 daAuts
